 Dungeon Crawl Stone Soup version 0.27-a0-1193-g8631133539 (webtiles) character file.

Game seed: 12533514248434432770

660 pokeman the Thaumaturge (level 7, -4/39 HPs)
             Began as a Deep Elf Hedge Wizard on May 27, 2021.
             Slain by a gnoll
             ... wielding a +0 spear
              (6 damage)
             ... on level 6 of the Dungeon.
             The game lasted 00:14:17 (4563 turns).

pokeman the Thaumaturge (Deep Elf Hedge Wizard)     Turns: 4563, Time: 00:14:17

Health: -4/39      AC:  7    Str:  7    XL:     7   Next: 30%
Magic:  19/20      EV: 16    Int: 21    God:
Gold:   230        SH:  0    Dex: 14    Spells: 9/22 levels left

rFire    . . .     SeeInvis .   p - +4 whip (venom)
rCold    . . .     Faith    .   (no shield)
rNeg     . . .     Spirit   .   a - +0 leather armour
rPois    .         Reflect  .   c - +0 hat
rElec    .         Harm     .   (no cloak)
rCorr    .         Rampage  .   (no gloves)
Will     .....                  (no boots)
Stlth    +.........             u - amulet of magic regeneration
HPRegen  0.13/turn              g - +4 ring of evasion
MPRegen  0.42/turn              v - +4 ring of protection

@: confused, wereblooded
A: no striking features
a: no special abilities


You were on level 6 of the Dungeon.
You visited 1 branch of the dungeon, and saw 6 of its levels.

You collected 269 gold pieces.
You spent 39 gold pieces at shops.

Inventory:

Hand Weapons
 p - a +4 whip of venom (weapon)
 x - a +0 vorpal shortbow
Missiles
 d - 4 curare-tipped darts
 l - 51 arrows
Armour
 a - a +0 leather armour (worn)
 c - a +0 hat (worn)
Magical Staves
 q - a staff of cold
Jewellery
 g - a +4 ring of evasion (left hand)
 i - a ring of positive energy
 u - an amulet of magic regeneration (around neck)
 v - a +4 ring of protection (right hand)
 y - an amulet of faith
 B - a ring of willpower
Scrolls
 f - a scroll of silence {unknown}
 j - a scroll of enchant weapon {unknown}
 k - 2 scrolls of noise {unknown}
 m - a scroll of teleportation {unknown}
 n - 2 scrolls of identify {unknown}
 t - a scroll of amnesia {unknown}
 w - a scroll of vulnerability {unknown}
Potions
 b - a potion of attraction {unknown}
 e - a potion of lignification {unknown}
 h - a potion of invisibility {unknown}
 o - a potion of berserk rage {unknown}
 r - 2 potions of cancellation {unknown}
 s - 2 potions of curing
 z - a potion of haste {unknown}
 A - 2 potions of mutation {unknown}


   Skills:
 + Level 1.6 Fighting
 - Level 1.0 Armour
 - Level 3.0 Dodging
 - Level 3.0 Stealth
 * Level 8.0 Spellcasting
 + Level 3.9 Conjurations
 - Level 1.1 Summonings
 - Level 1.1 Translocations
 - Level 1.0 Transmutations
 + Level 1.6 Fire Magic
 - Level 1.3 Air Magic
 - Level 1.2 Poison Magic
 - Level 1.2 Evocations


You had 9 spell levels left.
You knew the following spells:

 Your Spells              Type           Power      Damage    Failure   Level
a - Magic Dart            Conj           96%        1d7       2%          1
b - Mephitic Cloud        Conj/Pois/Air  17%        N/A       14%         3
c - Call Imp              Summ           13%        N/A       11%         2
d - Blink                 Tloc           N/A        N/A       11%         2
e - Conjure Flame         Conj/Fire      20%        6-21      11%         3
f - Wereblood             Tmut           12%        N/A       12%         2

Your spell library contained the following spells:

 Spells                   Type           Power      Damage    Failure   Level
 Beastly Appendage        Tmut           24%        N/A       8%          1
 Slow                     Hex            8%         N/A       17%         2
 Spider Form              Tmut/Pois      6%         N/A       22%         3
 Ice Form                 Ice/Tmut       10%        N/A       67%         4
 Hydra Form               Tmut           6%         N/A       91%         5


Dungeon Overview and Level Annotations

Branches:
Dungeon (6/15)
 Temple: D:4-7

Altars:
Fedhas
Qazlal
Zin

Shops:
D:2 **([   D:3 !


Message History

The gnoll hits you from afar with a +0 spear.
The gnoll shaman is engulfed in noxious fumes.
The gnoll shaman appears confused.
The gnoll shaman closely misses you. The gnoll closely misses you.
Unknown command.
Unknown command.
You closely miss the gnoll shaman.
The gnoll shaman is lightly wounded.
You are engulfed in noxious fumes.
You choke on the stench!
You are more confused.
The gnoll shaman is engulfed in noxious fumes.
The gnoll shaman appears confused.
The gnoll hits you from afar with a +0 spear.
You bump into the rock wall.
You are engulfed in noxious fumes.
You choke on the stench!
You are more confused.
The gnoll closely misses you.
The gnoll shaman hits you with a +0 whip.
The gnoll hits you but does no damage.
Unknown command.
You bump into the rock wall.
You are engulfed in noxious fumes.
You choke on the stench!
You are more confused.
The gnoll shaman misses you.
The gnoll hits you from afar with a +0 spear.
The gnoll hits you from afar with a +0 spear.
* * * LOW HITPOINT WARNING * * *
The gnoll shaman hits you with a +0 whip.
* * * LOW HITPOINT WARNING * * *
Unknown command.
You bump into the rock wall.
The gnoll hits you from afar with a +0 spear.
* * * LOW HITPOINT WARNING * * *
The gnoll shaman hits you but does no damage.
The gnoll hits you from afar with a +0 spear.
* * * LOW HITPOINT WARNING * * *
Unknown command.
You bump into the rock wall.
The gnoll hits you from afar with a +0 spear.
You die...

###########
##....>....##
#....<.......
#..#######.#.
#..#
#..#####.##.
#..@gggg....
#..#####....
#..# . #..>
#..# #..#
.... ..#


You could see a gnoll shaman (confused) and 3 gnolls.

Vanquished Creatures
  A black bear (D:5)
  2 necrophages
  A centaur (D:5)
  A bullfrog skeleton (D:5)
  3 hounds
  An orc priest (D:5)
  An orc wizard (D:5)
  An iguana (D:4)
  A killer bee zombie (D:5)
  A gnoll (D:6)
  4 adders
  An ufetubus (D:4)
  An adder skeleton (D:4)
  3 dart slugs
  8 orcs
  4 ball pythons
  5 endoplasms
  3 giant cockroaches
  2 hobgoblins (D:3)
  4 jackals
  6 kobolds
  2 quokkas
  6 bats
  A frilled lizard (D:2)
  6 goblins
  3 rats
72 creatures vanquished.

Vanquished Creatures (others)
  7 plants (D:2)
7 creatures vanquished.

Grand Total: 79 creatures vanquished

Notes
Turn   | Place    | Note
-------+----------+-------------------------------------------
     0 | D:1      | pokeman the Deep Elf Hedge Wizard began the quest for the
                  | Orb.
     0 | D:1      | Reached XP level 1. HP: 10/10 MP: 7/7
   431 | D:1      | Reached XP level 2. HP: 6/16 MP: 0/9
   980 | D:2      | Found Woyjouri's Weapon Emporium.
  1137 | D:2      | Found Haugyo's Antique Armour Boutique.
  1243 | D:2      | Reached skill level 5 in Spellcasting
  1448 | D:2      | Found Ytafrimo's Assorted Antiques.
  1470 | D:2      | Found Myntis's Assorted Antiques.
  1773 | D:3      | Reached XP level 3. HP: 20/20 MP: 5/11
  1793 | D:2      | Learned a level 2 spell: Wereblood
  1796 | D:2      | Learned a level 2 spell: Blink
  1800 | D:2      | Learned a level 3 spell: Mephitic Cloud
  1803 | D:2      | Learned a level 2 spell: Call Imp
  2403 | D:3      | Reached skill level 1 in Fighting
  2403 | D:3      | Reached skill level 1 in Armour
  2528 | D:3      | Found a stormy altar of Qazlal.
  2553 | D:3      | Found a glowing silver altar of Zin.
  2553 | D:3      | Found a blossoming altar of Fedhas.
  2648 | D:3      | Reached XP level 4. HP: 25/25 MP: 8/13
  2904 | D:3      | Found Xuomairr's Distillery.
  2912 | D:3      | Bought a potion of curing for 39 gold pieces
  3030 | D:4      | Noticed a necrophage
  3074 | D:4      | Killed a necrophage
  3075 | D:4      | Reached skill level 6 in Spellcasting
  3075 | D:4      | Reached skill level 1 in Evocations
  3075 | D:4      | Reached XP level 5. HP: 20/29 MP: 3/15
  3079 | D:4      | Learned a level 3 spell: Conjure Flame
  3433 | D:4      | Reached skill level 1 in Transmutations
  3901 | D:5      | Entered Level 5 of the Dungeon
  3911 | D:5      | Reached XP level 6. HP: 33/34 MP: 13/17
  3912 | D:5      | Reached skill level 1 in Fire Magic
  3942 | D:5      | Reached skill level 7 in Spellcasting
  3942 | D:5      | Reached skill level 1 in Poison Magic
  4170 | D:5      | Reached skill level 1 in Air Magic
  4170 | D:5      | Reached XP level 7. HP: 35/38 MP: 17/20
  4341 | D:5      | Reached skill level 8 in Spellcasting
  4563 | D:6      | Slain by a gnoll

Illustrated notes

Levels and vault maps discovered:
D:1:      saegor_arrival_simple_d, layout_rooms, minmay_tromino_v7
D:2:      cheibrodos_helix_gallery, layout_rooms, serial_shops,
          nicolae_shop_overgrown_old_shop, nicolae_shop_behind_doors,
          nicolae_shop_statue_plus, shop, serial_forest,
          infiniplex_forest_clump_curved, infiniplex_forest_clump_diagonal,
          infiniplex_forest_clump_small, infiniplex_forest_diagonal,
          infiniplex_forest_join, infiniplex_forest_lined_2,
          infiniplex_forest_clump_double, infiniplex_forest_straight_4
D:3:      layout_basic, grunt_temple_overflow_open, serial_shops, shop_fountains
D:4:      layout_gridville
D:5:      layout_basic
D:6:      gammafunk_cloud_chamber, layout_loops_ring,
          gammafunk_ghost_necromancy, uniq_sigmund

Skill      XL: |  1  2  3  4  5  6  7 |
---------------+----------------------+-----
Spellcasting   | 5 6 7 8 |  8.0
Fighting       | 1 |  1.6
Armour         | 1 |  1.0
Conjurations   | 2 3 |  3.9
Dodging        | 3 |  3.0
Evocations     | 1 |  1.2
Transmutations | 1 |  1.0
Stealth        | 3 |  3.0
Fire Magic     | 1 |  1.6
Poison Magic   | 1 |  1.2
Air Magic      | 1 |  1.3
Summonings     | |  1.1
Translocations | |  1.1

Action                   |  1- 3 |  4- 6 |  7- 9 || total
-------------------------+-------+-------+-------++-------
Melee: Dagger            |    24 |       |       ||    24
       Whip              |     5 |    30 |    12 ||    47
 Cast: Magic Dart        |   100 |    47 |    21 ||   168
       Blink             |     5 |     1 |       ||     6
       Mephitic Cloud    |       |     8 |     2 ||    10
       Call Imp          |       |     4 |       ||     4
       Conjure Flame     |       |     3 |     1 ||     4
       Wereblood         |       |     2 |     2 ||     4
 Stab: Confused          |       |     4 |       ||     4
Armor: Robe              |     7 |       |       ||     7
       Leather armour    |       |    11 |     6 ||    17
Dodge: Dodged            |    23 |    59 |    12 ||    94

Table legend: (Time is in decaauts)
 A = Elapsed time spent in this place.
 B = Non-inter-level travel time spent in this place.
 C = Inter-level travel time spent in this place.
 D = Time resting spent in this place.
 E = Time spent auto-exploring this place.
 F = Levels seen in this place.
 G = Mean time per level.
                   A        B        C        D        E       F      G
               +--------+--------+--------+--------+--------+-----+--------+
         Total |   4565 |   4344 |    221 |     89 |   3653 |   6 |  760.8 |
       Dungeon |   4565 |   4344 |    221 |     89 |   3653 |   6 |  760.8 |
               +--------+--------+--------+--------+--------+-----+--------+

Top non-repeatable levels by time:
     D:3: 1016 daAuts
     D:2: 991 daAuts
     D:1: 974 daAuts
     D:4: 918 daAuts
     D:5: 640 daAuts
     D:6: 23 daAuts
